 Dungeon Sprint DCSS version 0.21.0-25-ge575cb9 (webtiles) character file.

2951 wojtek the Severer (level 9, -7/90 HPs)
             Began as a Minotaur Berserker on Jan 22, 2018.
             Was a High Priest of Trog.
             Killed by divine providence
             ... invoked by an orc priest
              (9 damage)
             ... in the Dungeon (Sprint III: "The Ten Rune Challenge").
             The game lasted 00:03:23 (1443 turns).

wojtek the Severer (Minotaur Berserker)             Turns: 1443, Time: 00:03:24

Health: -7/90      AC:  3    Str: 27    XL:     9   Next: 51%
Magic:  8/8        EV: 18    Int:  8    God:    Trog [*****.]
Gold:   40         SH:  0    Dex: 12    Spells: 8/8 levels left

rFire    . . .     SeeInvis .   r - +12 battleaxe "Itwed" {chop, Str+2 Int+4 Dex+2}
rCold    . . .     Gourm    .   (shield currently unavailable)
rNeg     . . .     Faith    .   b - +0 animal skin
rPois    .         Spirit   .   (helmet restricted)
rElec    .         Reflect  .   (no cloak)
rCorr    .         Harm     .   (no gloves)
MR       .....     NoTele   +   (no boots)
Stlth    +.........             (no amulet)
HPRegen  0.25/turn              (no ring)
MPRegen  0.11/turn              (no ring)

@: no status effects
A: retaliatory headbutt, horns 2
a: Berserk, Trog's Hand, Brothers in Arms, Burn Spellbooks, Renounce Religion


You were in the Dungeon.
You worshipped Trog.
Trog was extremely pleased with you.
You were not hungry.

You visited 1 branch You collected 40 gold pieces.

Inventory:

Hand Weapons
 a - a +0 hand axe
 r - the +12 battleaxe "Itwed" (weapon) {chop, Str+2 Int+4 Dex+2}
   (Trog gifted it to you in the Dungeon)

   It inflicts extra damage upon your enemies.
   It affects your strength (+2).
   It affects your intelligence (+4).
   It affects your dexterity (+2).
Armour
 b - a +0 animal skin (worn)
Scrolls
 i - a scroll of blinking
 k - 3 scrolls of identify
 m - 2 scrolls of torment {unknown}
 n - a scroll of magic mapping {unknown}
 o - a scroll of fear {unknown}
 q - a scroll of remove curse {unknown}
Potions
 d - 2 potions of curing
 e - a potion of heal wounds
 f - a potion of haste
 g - 2 potions of magic
 h - a potion of berserk rage
 j - a potion of might
 l - 4 potions of mutation {unknown}
 p - 3 potions of flight
Miscellaneous
 s - a lightning rod (4/4)
Comestibles
 c - 3 rations


   Skills:
 + Level 12.2 Fighting
 * Level 16.1 Axes
 + Level 11.9 Armour
 + Level 11.0 Dodging


You had 8 spell levels left.
You didn't know any spells.

Dungeon Overview and Level Annotations

Branches:
Dungeon (1/1)

Altars:
Cheibriados
Dithmenos
Elyvilon
Fedhas
Gozag
Hepliaklqana
Kikubaaqudgha
Makhleb
Nemelex Xobeh
Okawaru
Qazlal
Ru
Sif Muna
Trog
Uskayaw
Vehumet
Wu Jian
Xom
Yredelemnul
Zin
The Shining One
Beogh
Jiyva
Lugonu


Innate Abilities, Weirdness & Mutations

You reflexively headbutt those who attack you in melee.
You have a pair of horns on your head.


Message History

* * * LOW HITPOINT WARNING * * *
The orc priest misses you.
You slash the orc priest!
You kill the orc priest!
Trog accepts your kill.
The orc priest calls down the wrath of Beogh upon you.
Beogh smites you!
* * * LOW HITPOINT WARNING * * *
Your deep troll barely misses the orc.
Your deep troll claws the orc!!
The orc dies!
Trog accepts your kill. Something appears at your feet!
Trog grants you a weapon! The orc warrior misses you.
Your deep troll bites the orc warrior!!
The orc warrior dies!
Trog accepts your kill.
The orc priest mumbles some strange prayers to Beogh against you.
Beogh smites you!
You die...

▓▓▓ ▓▓▓ ♣.############ #$$
$ ♣.#___#___#__###_$##.#
♣.#...#__.#._#........
♣♣♣.###)#'###)##T)o.....
....#..........#))oo.oo.
..♣.'.⌠........#)#
≈♣♣.#...######'#@#
....#.⌠.#__#...#§#########
....#...#__#...#§§§§§'.#.+
....#)###__#...#.#≈≈≈#.#.#
....#)..#__#...§§#§§.#.#.#
....#___#__'...#.#.§§#...#
▓▓▓▓▓▓▓▓▓▓▓▓▓▓▓▓▓▓▓▓▓▓▓▓▓▓


You could see an orc priest and a friendly deep troll (berserk).

Vanquished Creatures
  Josephine (D)
  A deep elf mage (D)
  A shadow (D)
  A spatial vortex (D)
  A necrophage (D)
  An earth elemental (D)
  A water elemental (D)
  A jelly (D)
  An orc priest (D)
  A wizard (D)
  A necromancer (D)
  3 humans (D)
  A kobold demonologist (D)
  A wolf (D)
  An ooze (D)
  An orc (D)
  3 rats (D)
21 creatures vanquished.

Vanquished Creatures (collateral kills)
  2 orc high priests (D)
  5 orc warriors (D)
  An orc priest (D)
  3 orcs (D)
11 creatures vanquished.

Vanquished Creatures (others)
  2 draconian scorchers (D)
  6 hellions (D)
  A yaktaur (D)
  3 plants (D)
12 creatures vanquished.

Grand Total: 44 creatures vanquished

Notes
Turn   | Place    | Note
-------+----------+-------------------------------------------
     0 | D        | wojtek the Minotaur Berserker began the quest for the Orb.
     0 | D        | Reached XP level 1. HP: 19/19 MP: 0/0
     6 | D        | Reached skill level 4 in Axes
    18 | D        | Reached ** piety under Trog
    57 | D        | Reached skill level 5 in Axes
    57 | D        | Reached XP level 2. HP: 7/28 MP: 1/1
    64 | D        | Killed a hellion
    64 | D        | Killed a hellion
    86 | D        | Killed a hellion
   130 | D        | Killed a hellion
   142 | D        | Killed a hellion
   144 | D        | Killed a hellion
   158 | D        | Killed a white draconian scorcher
   161 | D        | Killed a white draconian scorcher
   266 | D        | Killed a yaktaur
   303 | D        | Reached skill level 5 in Fighting
   303 | D        | Reached skill level 6 in Axes
   303 | D        | Reached XP level 3. HP: 36/36 MP: 2/2
   337 | D        | Noticed a water elemental
   342 | D        | Killed a water elemental
   342 | D        | Reached *** piety under Trog
   342 | D        | Reached skill level 7 in Axes
   342 | D        | Reached skill level 5 in Armour
   342 | D        | Reached XP level 4. HP: 35/44 MP: 3/3
   474 | D        | Found a radiant altar of Vehumet.
   474 | D        | Found a deep blue altar of Sif Muna.
   474 | D        | Found an ancient bone altar of Kikubaaqudgha.
   474 | D        | Noticed a wizard
   478 | D        | Killed a wizard
   478 | D        | Reached skill level 8 in Axes
   478 | D        | Reached skill level 5 in Dodging
   480 | D        | Reached **** piety under Trog
   480 | D        | Reached XP level 5. HP: 51/51 MP: 4/4
   540 | D        | Found a glowing silver altar of Zin.
   541 | D        | Found a glowing golden altar of the Shining One.
   541 | D        | Found a white marble altar of Elyvilon.
   541 | D        | Noticed a deep elf mage
   546 | D        | Noticed a smoke demon
   547 | D        | Killed a deep elf mage
   547 | D        | Reached skill level 11 in Axes
   547 | D        | Reached XP level 6. HP: 39/63 MP: 5/5
   547 | D        | Reached XP level 7. HP: 44/70 MP: 6/6
   671 | D        | Found a hide-covered altar of Uskayaw.
   671 | D        | Found a roughly hewn altar of Beogh.
   671 | D        | Found an iron altar of Okawaru.
   671 | D        | Found a bloodstained altar of Trog.
   671 | D        | Found an ornate altar of the Wu Jian Council.
   671 | D        | Noticed a human
   672 | D        | Noticed a human
   680 | D        | Killed a human
   680 | D        | Reached ***** piety under Trog
   680 | D        | Reached skill level 12 in Axes
   681 | D        | Killed a human
   779 | D        | Found a basalt altar of Yredelemnul.
   779 | D        | Found a shadowy altar of Dithmenos.
   779 | D        | Found a sacrificial altar of Ru.
   785 | D        | Reached skill level 13 in Axes
   828 | D        | Noticed a shadow
   834 | D        | Reached skill level 10 in Fighting
   836 | D        | Killed a shadow
   836 | D        | Reached XP level 8. HP: 77/79 MP: 7/7
   909 | D        | Found a blossoming altar of Fedhas.
   909 | D        | Found a stormy altar of Qazlal.
   910 | D        | Found a snail-covered altar of Cheibriados.
   910 | D        | Found a burning altar of Makhleb.
   910 | D        | Found a hazy altar of Hepliaklqana.
   910 | D        | Found a shimmering altar of Xom.
   910 | D        | Found an opulent altar of Gozag.
   910 | D        | Found a sparkling altar of Nemelex Xobeh.
   910 | D        | Found a corrupted altar of Lugonu.
   910 | D        | Found a viscous altar of Jiyva.
   922 | D        | Received a gift from Trog
   922 | D        | Reached skill level 10 in Armour
   923 | D        | Got an encrusted battleaxe {god gift}
   924 | D        | Identified the +12 battleaxe "Itwed" {chop, Str+2 Int+4 Dex+2} (Trog gifted it to you in the Dungeon)
  1086 | D        | Noticed Josephine
  1096 | D        | Killed Josephine
  1096 | D        | Reached skill level 15 in Axes
  1096 | D        | Reached skill level 10 in Dodging
  1096 | D        | Reached XP level 9. HP: 77/89 MP: 8/8
  1421 | D        | Found a roughly hewn altar of Beogh.
  1421 | D        | Noticed an orc high priest
  1424 | D        | Killed an orc high priest
  1429 | D        | Noticed an orc high priest
  1432 | D        | Killed an orc high priest
  1432 | D        | Reached skill level 16 in Axes
  1442 | D        | HP: 2/90 [orc priest/divine providence (13)]
  1442 | D        | Received a gift from Trog
  1443 | D        | Killed from afar by an orc priest

Skill      XL: |  1  2  3  4  5  6  7  8  9 |
---------------+----------------------------+-----
Fighting       | 4 5 6 9 10 11 12 | 12.2
Axes           | 5 6 7 8 11 13 15 16 | 16.1
Armour         | 3 4 5 8 9 11 | 11.9
Dodging        | 3 4 5 7 9 10 11 | 11.0

Action                   |  1- 3 |  4- 6 |  7- 9 || total
-------------------------+-------+-------+-------++-------
Melee: Hand axe          |    22 |     7 |    29 ||    58
       Headbutt          |     2 |       |     9 ||    11
       Battleaxe         |       |       |    12 ||    12
Invok: Berserk           |     2 |     1 |     4 ||     7
       Burn Spellbooks   |       |     1 |       ||     1
       Brothers in Arms  |       |       |     2 ||     2
  Eat: Chunk             |       |     2 |     4 ||     6
       Ration            |       |       |     1 ||     1
Armor: Animal skin       |     2 |       |     1 ||     3
Dodge: Dodged            |    19 |     3 |    16 ||    38
